[Event "Titled Tuesday Blitz January 31 Early 2023"]
[White "Le Ruyet, Leopold"]
[Black "Hrbek, Stepan"]
[WhiteFideId "645923"]
[BlackFideId "393479"]
[WhiteElo "2245"]
[BlackElo "2306"]
[Result "1-0"]
[Round "02"]
[TimeControl "180+2"]
[Date "2023.01.31"]
[WhiteClock "0:00:35"]
[BlackClock "0:00:01"]

1. e4 c5 2. Nc3 Nc6 3. Bb5 Nd4 4. Nf3 a6 5. Bd3 Nc6 6. e5 g6 7. O-O Bg7 8. Re1 d5 9. exd6 Qxd6 10. Ne4 Qd5 11. Qe2 Nf6 12. c3 O-O 13. Bc2 Bf5 14. d3 b6 15. Bg5 Ng4 16. Ng3 Rfe8 17. Nxf5 gxf5 18. Bb3 Qd7 19. Bf4 e6 20. h3 Nf6 21. Rad1 Nd5 22. Bh2 Na5 23. Ne5 Qb7 24. Bc2 Nc6 25. d4 cxd4 26. cxd4 Rac8 27. Bd3 b5 28. a3 Nxe5 29. Bxe5 f6 30. Bd6 Qd7 31. Bc5 Nf4 32. Qf3 Nxd3 33. Rxd3 Qd5 34. Qxd5 exd5 35. Rde3 Re4 36. f3 Rxe3 37. Rxe3 Rc7 38. Re6 Bh6 39. Kf2 a5 40. Rxf6 Rb7 41. Rxh6 1-0


[Site "https://www.chess.com"]

[Event "Titled Tuesday Blitz January 31 Early 2023"]
[White "Osmonbekov, Talaibek"]
[Black "Shohat, Yotam"]
[WhiteFideId "2017253"]
[BlackFideId "2813955"]
[WhiteElo "2137"]
[BlackElo "2346"]
[Result "0-1"]
[Round "02"]
[TimeControl "180+2"]
[Date "2023.01.31"]
[WhiteClock "0:00:02"]
[BlackClock "0:00:07"]

1. d4 Nf6 2. Bf4 c5 3. e3 d5 4. Nc3 cxd4 5. exd4 a6 6. Nf3 Nc6 7. Ne5 e6 8. Be2 Bd6 9. Bg3 O-O 10. O-O Qc7 11. f4 Qb6 12. Nxc6 bxc6 13. Na4 Qa5 14. c3 c5 15. dxc5 Bxc5+ 16. Nxc5 Qxc5+ 17. Bf2 Qc6 18. Bd4 Ne4 19. Bd3 a5 20. Qf3 Ba6 21. Rfe1 Bxd3 22. Qxd3 a4 23. c4 Nd6 24. cxd5 Qxd5 25. Rad1 Nf5 26. Bc3 Qxa2 27. g4 Ne7 28. Qd4 f6 29. Bb4 Nc6 30. Qc5 Nxb4 31. Qxb4 Rab8 32. Qa3 Qc4 33. Rd2 Qxf4 34. Rg2 Qd4+ 35. Kh1 Rb3 36. Qe7 Qd5 37. Qxe6+ Qxe6 38. Rxe6 Rfb8 39. Ra6 Rxb2 40. Rxb2 Rxb2 41. Rxa4 Kf7 42. h3 g5 43. Ra5 Kg6 44. Rc5 h5 45. Rc6 hxg4 46. hxg4 Rb4 47. Kh2 Rxg4 48. Kh3 Ra4 49. Rc5 Kh5 0-1


[Site "https://www.chess.com"]

[Event "Titled Tuesday Blitz January 31 Early 2023"]
[White "Kuchava, Ana"]
[Black "Khandelwal, Ankush"]
[WhiteFideId "13605348"]
[BlackFideId "413470"]
[WhiteElo "2101"]
[BlackElo "2205"]
[Result "0-1"]
[Round "02"]
[TimeControl "180+2"]
[Date "2023.01.31"]
[WhiteClock "0:00:01"]
[BlackClock "0:00:26"]

1. d4 Nf6 2. Nf3 g6 3. c4 Bg7 4. Nc3 d6 5. e4 O-O 6. Be2 Na6 7. O-O e5 8. Re1 exd4 9. Nxd4 Nc5 10. f3 Nh5 11. Be3 Qh4 12. Qd2 Be5 13. f4 Nxf4 14. Nf3 Qg4 15. Bxf4 Bxf4 16. Qd4 Qh5 17. Nd5 Be5 18. Nxe5 Qxe5 19. Qxe5 dxe5 20. Nxc7 Rb8 21. Bf1 Ne6 22. Nxe6 Bxe6 23. Rad1 Rfc8 24. b3 a6 25. Rd6 Kf8 26. Red1 Ke7 27. Kf2 b5 28. Rxa6 bxc4 29. bxc4 Rb2+ 30. Ke3 Bxc4 31. Bxc4 Rxc4 32. Ra7+ Ke6 33. Ra6+ Ke7 34. Ra7+ Kf6 35. Rdd7 Rc3+ 36. Rd3 Rxd3+ 37. Kxd3 Rxg2 38. h4 Rh2 39. a4 Rxh4 40. a5 Rh1 41. a6 Ra1 42. Ra8 h5 43. Ke3 h4 44. Kf3 g5 45. a7 Kg7 46. Kg4 f6 47. Kh3 Ra3+ 48. Kg4 h3 49. Rb8 h2 50. a8=Q Rxa8 51. Rxa8 h1=Q 52. Ra7+ Kg6 53. Ra1 Qg2# 0-1


[Site "https://www.chess.com"]

[Event "Titled Tuesday Blitz January 31 Early 2023"]
[White "ritanovikova"]
[Black "Turzo, Attila"]
[BlackFideId "704954"]
[WhiteElo "2206"]
[BlackElo "2279"]
[Result "0-1"]
[Round "02"]
[TimeControl "180+2"]
[Date "2023.01.31"]
[WhiteClock "0:00:03"]
[BlackClock "0:00:13"]

1. e4 c5 2. Nc3 Nc6 3. d3 g6 4. Be3 d6 5. Qd2 Bg7 6. h4 h5 7. g3 Nf6 8. Bg2 Ng4 9. Bf4 e5 10. Bg5 f6 11. Be3 Be6 12. Nge2 Qd7 13. Nd5 Bxd5 14. exd5 Ne7 15. c3 Nf5 16. d4 cxd4 17. cxd4 Ngxe3 18. fxe3 Bh6 19. dxe5 fxe5 20. Bh3 Bxe3 21. Qd3 Bh6 22. O-O O-O 23. Rf3 Rf7 24. Raf1 Raf8 25. Nc3 Kg7 26. Ne4 Qe7 27. Qa3 a6 28. Bxf5 Rxf5 29. Rxf5 Rxf5 30. Rxf5 gxf5 31. Nxd6 Kg6 32. Nc4 Qxa3 33. bxa3 Kf6 34. d6 Bf8 35. d7 Be7 36. Nd6 Ke6 37. Nxb7 Kxd7 38. Na5 Bxa3 39. Nc4 Bc5+ 40. Kg2 Ke6 41. Kf3 Kd5 42. Nd2 Bd6 43. Nb3 e4+ 44. Kf2 Bc5+ 45. Ke2 Bb4 46. Ke3 Bd6 47. Kf2 f4 48. gxf4 Bxf4 49. Ke2 Bg3 50. Ke3 Bxh4 51. Na5 Bg5+ 52. Ke2 h4 53. Nb3 h3 54. Kf1 e3 55. Nc1 Ke4 56. Ne2 Bh4 57. Nc3+ Kd3 58. Ne2 h2 59. Nf4+ Kd2 60. Kg2 Bg3 61. Nh5 e2 62. Nxg3 e1=Q 63. Nf1+ Qxf1+ 64. Kxf1 h1=Q+ 65. Kf2 Qa1 0-1


[Site "https://www.chess.com"]

[Event "Titled Tuesday Blitz January 31 Early 2023"]
[White "Andreassen, Lars"]
[Black "Bruned, Yvain"]
[WhiteFideId "1504878"]
[BlackFideId "2250292"]
[WhiteElo "2168"]
[BlackElo "2286"]
[Result "1/2-1/2"]
[Round "02"]
[TimeControl "180+2"]
[Date "2023.01.31"]
[WhiteClock "0:00:53"]
[BlackClock "0:00:58"]

1. d4 b6 2. Nf3 Bb7 3. Bg5 Nf6 4. e3 e6 5. Be2 Be7 6. O-O d5 7. c4 O-O 8. cxd5 Nxd5 9. Bxe7 Qxe7 10. e4 Nf6 11. e5 Nd5 12. Nc3 Nd7 13. Rc1 Nxc3 14. Rxc3 c5 15. dxc5 Nxc5 16. Qc2 a5 17. a3 a4 18. Bb5 Bxf3 19. Rxf3 Ra5 20. Bc4 Nd7 21. Re1 Nxe5 22. Rfe3 Nxc4 23. Qxc4 Qf6 24. Qc2 h6 25. Re4 Rb5 26. R1e2 Rd8 27. g3 Qf3 28. R4e3 Qa8 29. Re4 Ra5 30. h4 b5 31. Re5 Qb7 32. Rc5 Ra7 33. Ree5 Qf3 34. Rc8 Rd7 35. Re1 Qb7 36. Rc1 Rxc8 37. Qxc8+ Qxc8 38. Rxc8+ Kh7 39. Rb8 Rd5 40. Rb7 Kg6 41. Kg2 Kf6 42. g4 h5 43. g5+ Kg6 44. Kg3 f6 45. gxf6 gxf6 46. Rb6 Kf5 47. f3 e5 48. Rb8 e4 49. fxe4+ Kxe4 50. Rf8 f5 51. Re8+ Re5 52. Rf8 f4+ 53. Rxf4+ 1/2-1/2


[Site "https://www.chess.com"]

[Event "Titled Tuesday Blitz January 31 Early 2023"]
[White "Danielyan, Vahe"]
[Black "Ardila, Oscar Humberto"]
[WhiteFideId "13304828"]
[BlackFideId "4404742"]
[WhiteElo "2346"]
[BlackElo "1982"]
[Result "0-1"]
[Round "02"]
[TimeControl "180+2"]
[Date "2023.01.31"]
[WhiteClock "0:00:32"]
[BlackClock "0:01:01"]

1. e4 e5 2. Nf3 Nf6 3. Nc3 Nc6 4. Bb5 Bb4 5. O-O O-O 6. d3 Bxc3 7. bxc3 d6 8. Re1 Qe7 9. d4 Nd8 10. h3 c5 11. a4 Ne6 12. a5 Rd8 13. Bf1 Nf8 14. d5 Ng6 15. Nd2 Nf4 16. Nc4 Bd7 17. Kh2 h6 18. g3 Ng6 19. Rb1 Rdb8 20. Qf3 Be8 21. Ba3 Qc7 22. Rb2 b5 23. Ne3 Bd7 24. a6 Rb6 25. Nf5 Bxf5 26. exf5 Ne7 27. Rxb5 Rxb5 28. Bxb5 Qa5 29. c4 Qxe1 30. Bxc5 e4 31. Qe3 Qxe3 32. Bxe3 Nxf5 33. Bc6 Nxe3 0-1


[Site "https://www.chess.com"]

[Event "Titled Tuesday Blitz January 31 Early 2023"]
[White "Toczek, Grzegorz"]
[Black "Kornyukov, Alexey"]
[WhiteFideId "1106457"]
[BlackFideId "4150457"]
[WhiteElo "2260"]
[BlackElo "2452"]
[Result "1-0"]
[Round "02"]
[TimeControl "180+2"]
[Date "2023.01.31"]
[WhiteClock "0:01:36"]
[BlackClock "0:00:50"]

1. e4 c5 2. c3 d5 3. exd5 Qxd5 4. d4 Bf5 5. Be3 cxd4 6. cxd4 Bxb1 7. Qxb1 Nc6 8. Nf3 Nf6 9. Be2 e6 10. O-O Bb4 11. a3 Bd6 12. Rd1 O-O 13. Qd3 Rad8 14. Rac1 Qa5 15. h3 e5 16. dxe5 Bxe5 17. Qb3 Qc7 18. Nxe5 Qxe5 19. Bf3 Na5 20. Qb4 b6 21. Bd4 Qg5 22. Qe7 Rfe8 23. Bxf6 Rxd1+ 24. Rxd1 Rxe7 25. Bxg5 f6 26. Bd2 Nc4 27. Bd5+ 1-0


[Site "https://www.chess.com"]

[Event "Titled Tuesday Blitz January 31 Early 2023"]
[White "Bochnicka, Vladimir"]
[Black "SicilianPanzer"]
[WhiteFideId "14943450"]
[WhiteElo "2327"]
[BlackElo "2195"]
[Result "1-0"]
[Round "02"]
[TimeControl "180+2"]
[Date "2023.01.31"]
[WhiteClock "0:00:08"]
[BlackClock "0:00:01"]

1. e4 g6 2. d4 Bg7 3. Nf3 d6 4. Bc4 Nf6 5. Qe2 O-O 6. O-O c6 7. Bb3 b5 8. h3 Nbd7 9. e5 Nd5 10. exd6 exd6 11. Bxd5 Re8 12. Bxf7+ Kxf7 13. Ng5+ Kg8 14. Qf3 Bb7 15. Nf7 Qe7 16. Nh6+ Kh8 17. Bg5 Qf8 18. Qxf8+ Rxf8 19. Ng4 Rae8 20. c3 c5 21. dxc5 Nxc5 22. Nd2 Nd3 23. Rab1 Re2 24. Be3 d5 25. Rfd1 d4 26. cxd4 Rxe3 27. fxe3 1-0


[Site "https://www.chess.com"]

[Event "Titled Tuesday Blitz January 31 Early 2023"]
[White "Li, Eric"]
[Black "Khamdamova, Afruza"]
[WhiteFideId "30939941"]
[BlackFideId "14210444"]
[WhiteElo "2354"]
[BlackElo "2162"]
[Result "0-1"]
[Round "02"]
[TimeControl "180+2"]
[Date "2023.01.31"]
[WhiteClock "0:00:01"]
[BlackClock "0:00:16"]

1. d4 Nf6 2. c4 e6 3. g3 d5 4. Bg2 Be7 5. Nf3 dxc4 6. Na3 Bxa3 7. Qa4+ Bd7 8. Qxa3 Bc6 9. O-O Nbd7 10. Rd1 Qe7 11. Qxe7+ Kxe7 12. b3 cxb3 13. Ba3+ Ke8 14. axb3 Nb6 15. Rac1 Rd8 16. e3 h5 17. Ne5 Bxg2 18. Rxc7 Nbd5 19. Rxf7 Be4 20. Rxg7 Rh7 21. Rxh7 Bxh7 22. Rc1 Nd7 23. Nc4 Kf7 24. Nd6+ Kg7 25. Nxb7 Rb8 26. Nd6 Rxb3 27. Bc5 Nxc5 28. dxc5 Nc7 29. Ra1 a6 30. Kg2 Rc3 31. Rb1 Rxc5 32. Rb7 Kg6 0-1


[Site "https://www.chess.com"]

[Event "Titled Tuesday Blitz January 31 Early 2023"]
[White "Sailer, Mike"]
[Black "Yeritsyan, Hayk"]
[WhiteFideId "2012901"]
[BlackFideId "13307320"]
[WhiteElo "2109"]
[BlackElo "2241"]
[Result "0-1"]
[Round "02"]
[TimeControl "180+2"]
[Date "2023.01.31"]
[WhiteClock "0:00:07"]
[BlackClock "0:00:11"]

1. d4 d5 2. Nf3 Nf6 3. Bf4 e6 4. e3 c5 5. Nc3 Bd6 6. Bxd6 Qxd6 7. Be2 O-O 8. O-O Nc6 9. dxc5 Qxc5 10. Nd4 Nxd4 11. exd4 Qb6 12. Na4 Qc7 13. Bd3 Bd7 14. Nc5 b6 15. Nxd7 Qxd7 16. f4 a6 17. f5 b5 18. Qe2 Rae8 19. Qf3 Qa7 20. c3 e5 21. Qf2 e4 22. Be2 b4 23. g4 bxc3 24. bxc3 e3 25. Qg2 Ne4 26. Rac1 Rc8 27. c4 Qxd4 28. cxd5 Nd2 29. Rxc8 Rxc8 30. Rd1 Rd8 31. Rc1 h6 32. g5 Qxd5 33. Qxd5 Rxd5 34. g6 fxg6 35. fxg6 Rg5+ 36. Kh1 Rxg6 37. Rc8+ Kf7 38. Bd3 Rd6 0-1


[Site "https://www.chess.com"]

[Event "Titled Tuesday Blitz January 31 Early 2023"]
[White "Marin Ramirez, Gerardo"]
[Black "Bambino Filho, Antonio Carlos"]
[WhiteFideId "3901068"]
[BlackFideId "2113163"]
[WhiteElo "2127"]
[BlackElo "2144"]
[Result "0-1"]
[Round "02"]
[TimeControl "180+2"]
[Date "2023.01.31"]
[WhiteClock "0:00:01"]
[BlackClock "0:00:30"]

1. d4 Nf6 2. Nf3 c5 3. c4 cxd4 4. Nxd4 e5 5. Nc2 d5 6. cxd5 Qxd5 7. Bd2 Nc6 8. Nc3 Qd8 9. e4 h6 10. Bc4 Bc5 11. O-O O-O 12. Be3 Be7 13. f3 Be6 14. Nd5 Na5 15. Nxe7+ Qxe7 16. Be2 Rfd8 17. Qe1 b6 18. b3 Rac8 19. Nb4 Nc6 20. Nxc6 Rxc6 21. Rc1 Rdc8 22. Qd2 Qa3 23. Rxc6 Rxc6 24. Rd1 Kh7 25. Bf1 Ne8 26. Qd8 Nf6 27. Qd2 Rc7 28. g4 Rd7 29. Bd3 Ne8 30. Qc2 Rc7 31. Qe2 Rd7 32. Bc1 Qc5+ 33. Be3 Qa3 34. Bc1 Qe7 35. Be3 Nf6 36. Qb2 Qd8 37. Qc2 Rd6 38. Be2 Ne8 39. Rxd6 Qxd6 40. Kg2 Bd7 41. a4 Bc6 0-1


[Site "https://www.chess.com"]

[Event "Titled Tuesday Blitz January 31 Early 2023"]
[White "Ruge, Edison"]
[Black "Mujumdar, Sameer"]
[WhiteFideId "4401000"]
[BlackFideId "2029707"]
[WhiteElo "2201"]
[BlackElo "1992"]
[Result "0-1"]
[Round "02"]
[TimeControl "180+2"]
[Date "2023.01.31"]
[WhiteClock "0:01:12"]
[BlackClock "0:01:14"]

1. e4 c5 2. Nf3 d6 3. d3 Nf6 4. g3 Nc6 5. Bg2 g6 6. O-O Bg7 7. h3 O-O 8. c3 Rb8 9. Nbd2 b5 10. Re1 b4 11. e5 dxe5 12. Nxe5 Nxe5 13. Rxe5 Qxd3 14. Bf1 Qd6 15. Qe2 bxc3 16. bxc3 Nd5 17. Nc4 Qd8 18. Rxd5 Qxd5 19. Bg2 Qe6 20. Be3 Ba6 21. Bf1 Rfd8 22. Qg4 Qxg4 23. hxg4 Bxc3 24. Rc1 Bd4 25. Bf4 Rb4 26. Na5 Bxf1 27. Nc6 Bb5 28. Nxd8 e5 29. Bh6 Bd7 30. Bg5 Kg7 31. Be7 Rb2 32. g5 Bxf2+ 33. Kh1 Bf5 34. Bf6+ Kg8 35. Bxe5 Be4+ 36. Kh2 Bd4+ 37. Kh3 Bxe5 0-1


[Site "https://www.chess.com"]

[Event "Titled Tuesday Blitz January 31 Early 2023"]
[White "Donskov, Anatoly"]
[Black "Hartikainen, Jarmo"]
[WhiteFideId "24143413"]
[BlackFideId "503134"]
[WhiteElo "2279"]
[BlackElo "2108"]
[Result "1-0"]
[Round "02"]
[TimeControl "180+2"]
[Date "2023.01.31"]
[WhiteClock "0:01:17"]
[BlackClock "0:00:20"]

1. e4 c5 2. Nf3 e6 3. d4 cxd4 4. Nxd4 Nf6 5. Nc3 d6 6. f4 Be7 7. Bb5+ Bd7 8. e5 Nd5 9. Nxd5 exd5 10. e6 fxe6 11. Nxe6 Qb6 12. Nxg7+ Kf7 13. Bxd7 Nxd7 14. Nf5 Rae8 15. Qh5+ Kf6 16. Be3 Bf8 17. Qxe8 1-0


[Site "https://www.chess.com"]

[Event "Titled Tuesday Blitz January 31 Early 2023"]
[White "Cramling Bellon, Anna"]
[Black "Guliev, Logman"]
[WhiteFideId "32009232"]
[BlackFideId "13400061"]
[WhiteElo "2043"]
[BlackElo "2250"]
[Result "0-1"]
[Round "02"]
[TimeControl "180+2"]
[Date "2023.01.31"]
[WhiteClock "0:00:03"]
[BlackClock "0:00:07"]

1. d4 Nf6 2. c4 e6 3. Nf3 Bb4+ 4. Bd2 c5 5. dxc5 Bxc5 6. Nc3 Nc6 7. Bg5 h6 8. Bh4 Be7 9. e3 O-O 10. Bd3 b6 11. O-O Bb7 12. Rc1 Rc8 13. Bb1 d5 14. Bxf6 Bxf6 15. cxd5 Ne5 16. Nxe5 Bxe5 17. dxe6 Qh4 18. g3 Qh3 19. Be4 Bxe4 20. Nxe4 Qxe6 21. Qa4 Bxb2 22. Rb1 Rc4 23. Qxa7 Be5 24. Rxb6 Qh3 25. Nd2 Rc2 26. Nf3 Bf6 27. Qa4 Rfc8 28. Rb8 Rxb8 29. Qxc2 Rb2 30. Qe4 Rxa2 31. Qe8+ Kh7 32. Qxf7 Qf5 33. Qxa2 Qxf3 34. Qb2 Bxb2 35. h4 Bf6 0-1


[Site "https://www.chess.com"]

[Event "Titled Tuesday Blitz January 31 Early 2023"]
[White "Mitrovic, Darko R"]
[Black "Vagman, Roy"]
[WhiteFideId "927023"]
[BlackFideId "2828995"]
[WhiteElo "2220"]
[BlackElo "2273"]
[Result "0-1"]
[Round "02"]
[TimeControl "180+2"]
[Date "2023.01.31"]
[WhiteClock "0:00:07"]
[BlackClock "0:00:09"]

1. d4 d6 2. Nf3 Nf6 3. c4 g6 4. Nc3 Bg7 5. g3 O-O 6. Bg2 Nbd7 7. O-O e5 8. e4 exd4 9. Nxd4 c6 10. h3 Re8 11. Be3 Nc5 12. Qc2 a5 13. Rad1 Qe7 14. Rfe1 h6 15. Bf4 Nfd7 16. Nb3 Ne5 17. Nxc5 dxc5 18. b3 Be6 19. Be3 f5 20. f4 Nf7 21. e5 Red8 22. Na4 Rd4 23. Rxd4 cxd4 24. Bxd4 Rd8 25. Bb6 Re8 26. Rd1 g5 27. Be3 Rd8 28. Rxd8+ Qxd8 29. Qd2 Qe7 30. fxg5 hxg5 31. Nc5 Bxe5 32. Nxe6 Qxe6 33. Bxg5 Bxg3 34. Bf4 Be1 35. Qe3 Qxe3+ 36. Bxe3 Ne5 37. Bf2 Bxf2+ 38. Kxf2 Kf7 39. Ke3 Kf6 40. Bf3 Kg5 41. Be2 Kf6 42. Kf4 Nf7 43. h4 c5 44. h5 Nh6 45. Bf3 b6 46. a3 Nf7 47. Bd5 Ng5 48. Bf3 Nxf3 49. Kxf3 Kg5 50. Ke3 Kxh5 51. Kf4 Kg6 52. a4 Kf6 53. Kf3 Ke5 54. Ke3 f4+ 55. Kf3 Kf5 56. Kf2 Ke4 57. Ke2 f3+ 58. Kf2 Kf4 59. Kf1 Ke3 60. Ke1 f2+ 61. Kf1 Kf3 62. b4 cxb4 63. c5 b3 64. cxb6 b2 65. b7 b1=R# 0-1


[Site "https://www.chess.com"]

[Event "Titled Tuesday Blitz January 31 Early 2023"]
[White "Hertlein, Irena"]
[Black "Matt, Fabian"]
[WhiteFideId "21817618"]
[BlackFideId "1623303"]
[WhiteElo "1994"]
[BlackElo "2308"]
[Result "0-1"]
[Round "02"]
[TimeControl "180+2"]
[Date "2023.01.31"]
[WhiteClock "0:00:12"]
[BlackClock "0:00:34"]

1. Nf3 d5 2. e3 Nf6 3. c4 e6 4. b3 c5 5. Bb2 a6 6. Be2 Nc6 7. cxd5 exd5 8. O-O d4 9. exd4 cxd4 10. Re1 Be7 11. Bd3 O-O 12. Na3 Re8 13. Nc2 Bg4 14. h3 Bh5 15. g4 Nxg4 16. hxg4 Bxg4 17. Re4 Bf5 18. Qe2 Bxe4 19. Qxe4 g6 20. Ncxd4 Ba3 21. Qxe8+ Qxe8 22. Bxa3 Nxd4 23. Nxd4 Rd8 24. Bb2 Qe5 25. Rc1 Rxd4 26. Rc8+ Kg7 27. Rc4 Rg4+ 28. Rxg4 Qxb2 29. Bc4 Qxd2 30. Re4 b5 31. Bf1 Qxa2 0-1


[Site "https://www.chess.com"]

[Event "Titled Tuesday Blitz January 31 Early 2023"]
[White "Michalski, Olaf"]
[Black "Myshakov, Fyodor"]
[WhiteFideId "1106740"]
[BlackFideId "14111284"]
[WhiteElo "2273"]
[BlackElo "2292"]
[Result "1-0"]
[Round "02"]
[TimeControl "180+2"]
[Date "2023.01.31"]
[WhiteClock "0:00:13"]
[BlackClock "0:00:33"]

1. d4 d5 2. c4 dxc4 3. Nf3 Nf6 4. e3 e6 5. Bxc4 c5 6. O-O a6 7. a4 Nc6 8. Nc3 cxd4 9. exd4 Nb4 10. Re1 Be7 11. Qb3 O-O 12. Bg5 Nbd5 13. Rad1 Bd7 14. Bxf6 Nxf6 15. Qxb7 Rb8 16. Qxa6 Bc8 17. Qa7 Rb7 18. Qa8 Rxb2 19. Ne5 Qc7 20. Nb5 Rxb5 21. Bxb5 Bb7 22. Qa7 Ra8 23. Rc1 Rxa7 24. Rxc7 Bd8 25. Rcc1 Ba5 26. Red1 g6 27. Nc6 Bxc6 28. Rxc6 Nd5 29. Ra6 Bb6 30. Rxa7 Bxa7 31. Rc1 Bxd4 32. Rc8+ Kg7 33. a5 Nc3 34. Bc4 Na4 35. a6 Bb6 36. Rc6 Bd4 37. Rc7 Be5 38. a7 Nb6 39. Rb7 Na8 40. Bxe6 Kh6 41. Bxf7 Bd4 42. Bg8 Kg5 43. Bxh7 Kf6 44. Bg8 g5 45. Bc4 g4 46. Kf1 Ke5 47. Ke2 Kd6 48. Kd3 Bxf2 49. Rh7 Bg1 50. Ke4 Kc5 51. Bd5 Nb6 52. Bb7 Kd6 53. a8=Q Nxa8 54. Bxa8 Ke6 55. Bd5+ Kf6 56. Rh4 Kg5 57. Rh8 Kg6 58. Kf4 Kg7 59. Rh4 Kf6 60. Kxg4 Bf2 61. Bf3 Be3 62. Kh5 Kg7 63. Rg4+ Kf6 64. h4 Bd2 65. Rg6+ Kf7 66. Ra6 Kg7 67. g4 Be3 68. g5 Bf2 69. Be4 Kf7 70. Ra7+ Ke6 71. g6 Bxa7 72. g7 Kf7 73. Kh6 Be3+ 74. Kh7 Kf6 75. g8=Q Ke5 76. Qe8+ Kd4 77. Bh1 Bd2 78. Qe4+ Kc3 79. Qc6+ Kd4 80. Qd7+ Ke3 81. h5 Kf2 82. h6 Be3 83. Qf7+ Ke2 84. Kg6 Bd4 85. h7 Kd2 86. Qd7 Kc3 87. Qxd4+ Kxd4 88. h8=Q+ Ke3 89. Qe8+ Kf4 90. Qb5 Kg4 91. Qb4+ Kg3 92. Bb7 Kf2 93. Kf5 Ke3 94. Qc4 Kd2 95. Qb3 Kc1 96. Qa2 Kd1 97. Kf4 Kc1 98. Kf3 Kd1 99. Ke3 Kc1 100. Kd3 1-0


[Site "https://www.chess.com"]

[Event "Titled Tuesday Blitz January 31 Early 2023"]
[White "Ricaurte Lopez, Juan Carlos"]
[Black "Delorme, Axel"]
[WhiteFideId "3600327"]
[BlackFideId "632023"]
[WhiteElo "2226"]
[BlackElo "2483"]
[Result "0-1"]
[Round "02"]
[TimeControl "180+2"]
[Date "2023.01.31"]
[WhiteClock "0:00:01"]
[BlackClock "0:00:04"]

1. e4 c5 2. d4 cxd4 3. c3 dxc3 4. Nxc3 Nc6 5. Bc4 e6 6. Nf3 a6 7. O-O b5 8. Bb3 Bb7 9. Qe2 Na5 10. Bc2 Ne7 11. Rd1 Ng6 12. e5 Be7 13. Be4 O-O 14. g3 b4 15. Na4 Bxe4 16. Qxe4 Rc8 17. b3 Qc7 18. Be3 Qc6 19. Qg4 Rfd8 20. h4 Nb7 21. h5 Nf8 22. Rac1 Qb5 23. h6 g6 24. Bg5 Rxc1 25. Rxc1 f5 26. Qh4 Bxg5 27. Qxg5 d5 28. Rc7 Rd7 29. Rc8 Rf7 30. Nd4 Qd7 31. Nb6 Qe7 32. Qc1 f4 33. gxf4 Qh4 34. Ne2 Qg4+ 35. Ng3 Qxf4 36. Qxf4 Rxf4 37. Nd7 Na5 38. Ne2 Rf7 39. Nxf8 Rxf8 40. Rc7 Rf5 41. Rc8+ Kf7 42. Rc5 Rxe5 43. Nd4 Re1+ 44. Kg2 Rd1 45. Nxe6 Kxe6 46. Rxa5 d4 47. Rxa6+ Ke5 48. Ra7 d3 49. Rxh7 d2 50. Rd7 Re1 51. h7 d1=Q 52. Rxd1 Rxd1 53. h8=Q+ Ke4 54. Qf6 Kd3 55. Qxg6+ Kc3 56. Qb6 Ra1 57. Qc5+ Kb2 58. Qxb4 Rxa2 59. Kg3 Ra3 0-1


[Site "https://www.chess.com"]

[Event "Titled Tuesday Blitz January 31 Early 2023"]
[White "Bas Mas, Jose Joaquin"]
[Black "Tuleyeva-Aketayeva, Dana"]
[WhiteFideId "22219064"]
[BlackFideId "13701932"]
[WhiteElo "2197"]
[BlackElo "2130"]
[Result "1-0"]
[Round "02"]
[TimeControl "180+2"]
[Date "2023.01.31"]
[WhiteClock "0:01:02"]
[BlackClock "0:00:01"]

1. e4 c5 2. Nf3 Nc6 3. Nc3 g6 4. Bb5 Bg7 5. O-O a6 6. Bxc6 dxc6 7. Re1 Nf6 8. d3 Bg4 9. h3 Bxf3 10. Qxf3 O-O 11. Bd2 c4 12. Rad1 cxd3 13. cxd3 Nd7 14. Bg5 h6 15. Bf4 Ne5 16. Qg3 Nd7 17. d4 Qb6 18. e5 g5 19. Bc1 Qc7 20. h4 f6 21. Ne4 f5 22. hxg5 h5 23. Qb3+ Kh7 24. Ng3 Kg6 25. Qe6+ Kh7 26. Nxh5 Nb6 27. Re3 Qd7 28. Nxg7 Kxg7 29. Qh6+ Kf7 30. e6+ Ke8 31. exd7+ Kxd7 32. Rde1 Rae8 33. Qe6+ Kd8 34. g6 Nd5 35. g7 1-0


[Site "https://www.chess.com"]

[Event "Titled Tuesday Blitz January 31 Early 2023"]
[White "Marin Masis, Jose Esteban"]
[Black "matenitian"]
[WhiteFideId "6508146"]
[WhiteElo "1938"]
[BlackElo "2434"]
[Result "0-1"]
[Round "02"]
[TimeControl "180+2"]
[Date "2023.01.31"]
[WhiteClock "0:00:31"]
[BlackClock "0:00:42"]

1. e4 e5 2. Nf3 Nc6 3. d4 exd4 4. Bc4 Nf6 5. O-O Bc5 6. c3 dxc3 7. Nxc3 d6 8. Bg5 h6 9. Bh4 g5 10. Bg3 O-O 11. h4 g4 12. Nd2 Ne5 13. Be2 Nh5 14. Kh2 Qf6 15. Nd5 Qd8 16. Nb3 Bb6 17. Qd2 Kg7 18. Rad1 Ng6 19. Nxb6 axb6 20. Qd4+ Kh7 21. e5 Nxg3 22. fxg3 Nxe5 23. Bd3+ f5 24. Bc2 Bd7 25. Rde1 Ra4 26. Qd2 Qf6 27. Nd4 Rxd4 28. Qxd4 Nf3+ 29. Rxf3 Qxd4 30. Rd3 Qxb2 31. Re2 Qf6 32. Rde3 Rf7 33. Bb3 Rg7 34. Be6 f4 35. Re4 f3 36. gxf3 gxf3 37. R2e3 f2 38. Bxd7 f1=Q 0-1


[Site "https://www.chess.com"]

[Event "Titled Tuesday Blitz January 31 Early 2023"]
[White "Tworuszka, Michal"]
[Black "Mangialardo, Tiago Carvalho"]
[WhiteFideId "1117858"]
[BlackFideId "2130718"]
[WhiteElo "2260"]
[BlackElo "1965"]
[Result "0-1"]
[Round "02"]
[TimeControl "180+2"]
[Date "2023.01.31"]
[WhiteClock "0:00:06"]
[BlackClock "0:00:04"]

1. d4 d5 2. c4 Nf6 3. Nc3 e6 4. Bg5 Be7 5. e3 O-O 6. Nf3 c6 7. Qc2 Nbd7 8. Bd3 dxc4 9. Bxc4 Re8 10. O-O Nf8 11. Rad1 b5 12. Bd3 Qc7 13. Nxb5 Qb6 14. Nc3 Rb8 15. b3 Bb7 16. Na4 Qd8 17. e4 h6 18. Bh4 Rc8 19. Nc5 Ba8 20. Bg3 Qa5 21. Rc1 Nh5 22. Rfd1 Nxg3 23. hxg3 Red8 24. Bf1 Nh7 25. Ne5 Nf6 26. Be2 Bf8 27. a4 Qb6 28. Qc4 a5 29. Nxf7 Kxf7 30. Qxe6+ Kg6 31. Bh5+ Kh7 32. Qf5+ Kh8 33. Ne6 Re8 34. Bxe8 Rxe8 35. Nf4 Nxe4 36. Ng6+ Kg8 37. Nxf8 Rxf8 38. Qxe4 Qc7 39. d5 Qf7 40. Qe2 cxd5 41. Rd4 Qf6 42. Rcd1 Qf5 43. Qd2 Qf6 44. f3 h5 45. Qc3 Qg5 46. R4d3 Qxg3 47. Qd4 h4 48. Qf2 Qg5 49. Qe3 Rf4 50. Qe6+ Kh7 51. Qh3 Qf6 52. Kh2 Bc6 53. R3d2 Qf7 54. Rc1 Bd7 55. Rdc2 Bxh3 56. Kxh3 Qf5+ 57. Kh2 Qg5 58. Rc5 Qg3+ 59. Kh1 h3 60. R5c2 hxg2+ 61. Rxg2 Rh4+ 62. Kg1 Qxf3 63. Rcc2 Rf4 64. Rcd2 Qf1+ 65. Kh2 Rh4+ 66. Kg3 Qf4# 0-1


[Site "https://www.chess.com"]

[Event "Titled Tuesday Blitz January 31 Early 2023"]
[White "Kiseleva, Arina"]
[Black "Rodriguez, Santiago"]
[WhiteFideId "4164989"]
[BlackFideId "3000591"]
[WhiteElo "1962"]
[BlackElo "2252"]
[Result "0-1"]
[Round "02"]
[TimeControl "180+2"]
[Date "2023.01.31"]
[WhiteClock "0:00:02"]
[BlackClock "0:00:26"]

1. d4 Nf6 2. Nf3 e6 3. e3 d5 4. Bd3 c5 5. O-O Nc6 6. a3 Bd6 7. dxc5 Bxc5 8. b4 Bd6 9. Bb2 O-O 10. b5 Ne7 11. Ne5 Ng6 12. Nxg6 hxg6 13. Nd2 e5 14. c4 e4 15. Be2 Be6 16. cxd5 Bxd5 17. Nc4 Bb8 18. Qd4 Qc7 19. g3 Be6 20. Rac1 Rd8 21. Qc3 Qc5 22. a4 Qg5 23. h4 Qf5 24. Rfd1 Bc7 25. Ne5 Bd6 26. Rxd6 Rxd6 27. Qc7 Rd2 28. Rc2 Rxc2 29. Qxc2 Rc8 30. Qd2 g5 31. hxg5 Qxg5 32. Qd4 Rc2 33. Bf1 Qh5 34. Qd8+ Kh7 0-1


[Site "https://www.chess.com"]